 Dungeon Crawl Stone Soup version 0.29.1-12-g30fa7ad0bf (webtiles) character file.

Game seed: 11328911435571686907

47 MisterFreud the Twirler (level 3, 0/25 (27) HPs)
             Began as a Formicid Gladiator on Dec 13, 2022.
             Slain by a hobgoblin (2 damage)
             ... led by Robin
             ... on level 2 of the Dungeon.
             The game lasted 00:01:46 (1631 turns).

MisterFreud the Twirler (Formicid Gladiator)        Turns: 1631, Time: 00:01:47

HP:   0/25 (27)     AC:  3    Str: 20    XL:     3   Next: 97%
MP:   3/3           EV: 12    Int:  7    God:
Gold: 24            SH:  0    Dex: 15    Spells: 2/2 levels left

rFire   . . .      SeeInvis +   a - +0 quarterstaff
rCold   . . .      Faith    .   (no shield)
rNeg    . . .      Spirit   .   b - +0 leather armour
rPois   .          Reflect  .   (helmet unavailable)
rElec   .          Harm     .   g - scarf {shadows}
rCorr   .          Rampage  .   (no gloves)
Will    .....                   (no boots)
Stlth   +.........              (no amulet)
HPRegen 0.08/turn               (no ring)
MPRegen 0.08/turn               (no ring)

@: drained
A: permanent stasis, dig shafts and tunnels, antennae 3, four strong arms
a: Dig, Shaft Self


You were on level 2 of the Dungeon.
You visited 1 branch of the dungeon, and saw 2 of its levels.

You collected 24 gold pieces.

Inventory:

Hand Weapons
 a - a +0 quarterstaff (weapon)
Missiles
 c - 3 throwing nets (quivered)
 d - a javelin
 e - 4 silver boomerangs
Armour
 b - a +0 leather armour (worn)
 g - a scarf of shadows (worn)
Scrolls
 i - a scroll of teleportation {unknown}
Potions
 f - a potion of degeneration {unknown}
 h - a potion of invisibility {unknown}


   Skills:
 - Level 2.1 Fighting
 + Level 4.5 Staves
 - Level 2.0 Throwing
 - Level 2.6 Dodging


You had 2 spell levels left.
You didn't know any spells.
Your spell library was empty.

Dungeon Overview and Level Annotations

Branches:
Dungeon (2/15)

Altars:

Annotations:
D:2 Robin


Innate Abilities, Weirdness & Mutations

You cannot be hasted, slowed, berserked, paralysed or teleported.
You can dig through walls and to a lower floor.
You have a pair of large antennae on your head. (SInv)
Your four strong arms can wield two-handed weapons with a shield.


Message History

The hobgoblin hits you but does no damage.
The goblin barely misses you.
There is a stone staircase leading down here.
The goblin misses you. The hobgoblin misses you. The goblin closely misses you.
The hobgoblin hits you.
You climb downwards.
Level annotation: Robin
There is a stone staircase leading up, spattered with blood here.
The goblin hits you with a +0 dagger. The goblin hits you but does no damage.
The goblin hits you with a +0 dagger. The goblin completely misses you.
The goblin attacks as you move away! The goblin closely misses you.
The goblin attacks as you move away! The goblin hits you with a +0 dagger.
You are too injured to fight recklessly!
You hit the goblin.
The goblin is heavily wounded.
The goblin barely misses you.
You are too injured to fight recklessly!
You hit the goblin but do no damage.
The goblin is heavily wounded.
The goblin closely misses you.
You thump the goblin!
You kill the goblin!
You are too injured to fight recklessly!
You barely miss the hobgoblin. The hobgoblin hits you.
You are too injured to fight recklessly!
You barely miss the hobgoblin. The hobgoblin hits you.
* * * LOW HITPOINT WARNING * * *
You are too injured to fight recklessly!
You barely miss the hobgoblin. The hobgoblin misses you.
You are too injured to fight recklessly!
You sock the hobgoblin!
You kill the hobgoblin!
You hit the hobgoblin.
The hobgoblin is almost dead.
The hobgoblin closely misses you. The hobgoblin hits you.
* * * LOW HITPOINT WARNING * * *
You barely miss the hobgoblin.
The hobgoblin is almost dead.
The hobgoblin hits you.
You die...

#...#.....#..............
#......................
#..........#....####... #
#.)..................<.
#.####<.|...........###...
.............>.. ...#...
..##...######... .#.....
#......###....# ......†
.......gg@.# ........
........#### #....###
........# { .....
######... ... ####. ## .


You could see a hobgoblin and a goblin.

Vanquished Creatures
  A worm (D:2)
  2 dart slugs (D:2)
  3 endoplasms
  2 giant cockroaches
  6 goblins
  6 hobgoblins
  3 quokkas (D:1)
  3 ball pythons (D:1)
  2 bats (D:1)
  2 frilled lizards (D:1)
  4 kobolds
  A rat (D:1)
35 creatures vanquished.

Notes
Turn   | Place    | Note
-------+----------+-------------------------------------------
     0 | D:1      | MisterFreud the Formicid Gladiator began the quest for the
                  | Orb.
     0 | D:1      | Reached XP level 1. HP: 16/16 MP: 1/1
   378 | D:1      | Found a faded altar of an unknown god.
   389 | D:1      | Reached XP level 2. HP: 22/22 MP: 2/2
   761 | D:1      | Reached skill level 4 in Staves
   761 | D:1      | Reached XP level 3. HP: 18/27 MP: 3/3
   875 | D:1      | You fall into a shaft and drop 1 floor!
  1227 | D:2      | Noticed Robin
  1248 | D:1      | You fall into a shaft and drop 1 floor!
  1631 | D:2      | Slain by a hobgoblin

Illustrated notes

Levels and vault maps discovered:
D:1:      mrwooster_arrival_statue, layout_basic, ebering_ecumenical_altar_webs
D:2:      layout_rooms, uniq_robin

Skill      XL: |  1  2 |
---------------+-------+-----
Staves         | 4 |  4.5
Fighting       | |  2.1
Throwing       | |  2.0
Dodging        | |  2.6

Action                   || total
-------------------------++-------
Melee: Quarterstaff      ||    87
       Punch             ||     2
Throw: Throwing net      ||     1
 Abil: Dig               ||     1
       Shaft Self        ||     1
  Use: Scroll            ||     4
 Stab: Sleeping          ||     2
Armor: Leather armour    ||    20
Dodge: Dodged            ||    67
